| TOP OF THE 1ST |
|
Lake County Captains batting - Pitching for Hickory Crawdads : RHP Alexander Neustroev
|
|
Pitching: RHP Alexander Neustroev
|
|
|
Batting: RHB Toki Takeuchi
|
0-0: Ball 1-0: Called Strike 1-1: Called Strike 1-2: Strikes out swinging
|
|
Batting: LHB Yasuo Igarashi
|
0-0: Ball 1-0: Ball 2-0: Bunt for hit to P - play at first, batter OUT! 1-3
|
|
Batting: LHB Justin Rankin
|
0-0: Hit by Pitch
|
|
Batting: SHB Charlie Diesel
|
0-0: Called Strike Pickoff Throw by Catcher to First - Out!
|
| Top of the 1st over - 0 runs, 0 hits, 0 errors, 0 left on base; Lake County 0 - Hickory 0 |
| BOTTOM OF THE 1ST |
|
Hickory Crawdads batting - Pitching for Lake County Captains : RHP Kensaku Shiba
|
|
Pitching: RHP Kensaku Shiba
|
|
|
Batting: RHB Theo van Gent
|
0-0: Foul Ball, location: 2F 0-1: Ball 1-1: Ball 2-1: Ground out 3-1 (Groundball, 34, EV 103.1 MPH)
|
|
Batting: LHB Nick Foutz
|
0-0: Swinging Strike 0-1: Ball 1-1: Ball 2-1: Foul Ball, location: 2F 2-2: Foul Ball, location: 2F 2-2: Strikes out swinging
|
|
Batting: LHB Ben Radach
|
0-0: Ball 1-0: Foul Ball, location: 2F 1-1: SINGLE (Groundball, 34D, EV 109.4 MPH)
|
|
Batting: RHB Doug Hammertime
|
0-0: Ball 1-0: Called Strike 1-1: Fielders Choice at 2nd, 5-4 (Groundball, 5L, EV 86.3 MPH)
|
| Bottom of the 1st over - 0 runs, 1 hit, 0 errors, 1 left on base; Lake County 0 - Hickory 0 |
| TOP OF THE 2ND |
|
Lake County Captains batting - Pitching for Hickory Crawdads : RHP Alexander Neustroev
|
|
Batting: SHB Charlie Diesel
|
0-0: Ball 1-0: Called Strike 1-1: Ball 2-1: Ball 3-1: Foul Ball, location: 2F 3-2: Ground out 4-3 (Groundball, 4, EV 105.6 MPH)
|
|
Batting: RHB Adrian Martinelli
|
0-0: Fly out, F7 (Flyball, 7D, EV 93.1 MPH)
|
|
Batting: LHB Tim Fuller
|
0-0: Ground out 4-3 (Groundball, 4, EV 86.3 MPH)
|
| Top of the 2nd over - 0 runs, 0 hits, 0 errors, 0 left on base; Lake County 0 - Hickory 0 |
| BOTTOM OF THE 2ND |
|
Hickory Crawdads batting - Pitching for Lake County Captains : RHP Kensaku Shiba
|
|
Batting: LHB Franklin Quezada
|
0-0: Called Strike 0-1: Ground out U3 (Groundball, 23, EV 91.9 MPH)
|
|
Batting: RHB Jason Swisher
|
0-0: Swinging Strike 0-1: Foul Ball, location: 2F 0-2: Ground out 6-3 (Groundball, 6S, EV 75.6 MPH)
|
|
Batting: LHB Casper Kersten
|
0-0: Ball 1-0: SOLO HOME RUN (Flyball, 9LD, EV 92.5 MPH), Distance : 345 ft
|
|
Batting: RHB Chris Powell
|
0-0: Swinging Strike 0-1: Ball 1-1: Ball 2-1: Swinging Strike 2-2: Fly out, F8 (Flyball, 89D, EV 97.5 MPH)
|
| Bottom of the 2nd over - 1 run, 1 hit, 0 errors, 0 left on base; Lake County 0 - Hickory 1 |
| TOP OF THE 3RD |
|
Lake County Captains batting - Pitching for Hickory Crawdads : RHP Alexander Neustroev
|
|
Batting: SHB Travis Burnett
|
0-0: Called Strike 0-1: Ball 1-1: Called Strike 1-2: Strikes out looking
|
|
Batting: RHB Danny Millsaps
|
0-0: Called Strike 0-1: Ball 1-1: Foul Ball, location: 2F 1-2: SINGLE (Line Drive, 8LS, EV 100.0 MPH)
|
|
Batting: LHB Danny Moreno
|
0-0: Fielders Choice at 2nd, 4-6 (Groundball, 4, EV 105.6 MPH)
|
|
Batting: RHB Toki Takeuchi
|
0-0: Ball 1-0: Ball Wild Pitch! Danny Moreno to second 2-0: Called Strike 2-1: Foul Ball, location: 2F 2-2: Strikes out looking
|
| Top of the 3rd over - 0 runs, 1 hit, 0 errors, 1 left on base; Lake County 0 - Hickory 1 |
| BOTTOM OF THE 3RD |
|
Hickory Crawdads batting - Pitching for Lake County Captains : RHP Kensaku Shiba
|
|
Batting: RHB Jose Guerrero
|
0-0: Called Strike 0-1: SOLO HOME RUN (Flyball, 7LD, EV 97.5 MPH), Distance : 357 ft
|
|
Batting: RHB Theo van Gent
|
0-0: Ball 1-0: Ball 2-0: Swinging Strike 2-1: Ball 3-1: Base on Balls
|
|
Batting: LHB Nick Foutz
|
0-0: Ball Theo van Gent steals 2nd, throwing error, E2 Theo van Gent to third 1-0: Ground out 6-3 (Groundball, 6MD, EV 102.5 MPH) Theo van Gent scores
|
|
Batting: LHB Ben Radach
|
0-0: Ball 1-0: Called Strike 1-1: Called Strike 1-2: Foul Ball, location: 2F 1-2: Ball 2-2: Foul Ball, location: 2F 2-2: Ball 3-2: Foul Ball, location: 2F 3-2: Base on Balls
|
|
Batting: RHB Doug Hammertime
|
0-0: Ball 1-0: Foul Ball, location: 2F 1-1: Fly out, F8 (Flyball, 78M, EV 92.5 MPH)
|
|
Batting: LHB Franklin Quezada
|
0-0: Ball 1-0: SINGLE (Groundball, 15S, EV 71.9 MPH) (infield hit) Ben Radach to second
|
|
Batting: RHB Jason Swisher
|
0-0: Ball 1-0: Ball 2-0: Foul Ball, location: 2F 2-1: Swinging Strike 2-2: Foul Ball, location: 2F 2-2: Ball 3-2: Foul Ball, location: 2F 3-2: Base on Balls Ben Radach to third Franklin Quezada to second
|
|
Batting: LHB Casper Kersten
|
0-0: Ball 1-0: Ball 2-0: Ball 3-0: Called Strike 3-1: Base on Balls Ben Radach scores Franklin Quezada to third Jason Swisher to second
|
|
Batting: RHB Chris Powell
|
0-0: SINGLE (Line Drive, 6D, EV 101.9 MPH) Franklin Quezada scores Jason Swisher to third Casper Kersten to second
|
|
Pitching: RHP Tatsuhito Shiota
|
|
|
Batting: RHB Jose Guerrero
|
0-0: Ground out 4-3 (Groundball, 34, EV 88.1 MPH)
|
| Bottom of the 3rd over - 4 runs, 3 hits, 1 error, 3 left on base; Lake County 0 - Hickory 5 |
| TOP OF THE 4TH |
|
Lake County Captains batting - Pitching for Hickory Crawdads : RHP Alexander Neustroev
|
|
Batting: LHB Yasuo Igarashi
|
0-0: Ball 1-0: Ball 2-0: Ground out U3 (Groundball, 34, EV 103.8 MPH)
|
|
Batting: LHB Justin Rankin
|
0-0: Ball 1-0: Swinging Strike 1-1: SOLO HOME RUN (Flyball, 89XD, EV 105.6 MPH), Distance : 443 ft
|
|
Batting: SHB Charlie Diesel
|
0-0: Ball 1-0: Ball 2-0: Foul Ball, location: 2F 2-1: Swinging Strike 2-2: Foul Ball, location: 2F 2-2: Ball 3-2: Fly out, F8 (Flyball, 89D, EV 73.8 MPH)
|
|
Batting: RHB Adrian Martinelli
|
0-0: Ball 1-0: Called Strike 1-1: Foul Ball, location: 2F 1-2: Fly out, F8 (Flyball, 78M, EV 91.9 MPH)
|
| Top of the 4th over - 1 run, 1 hit, 0 errors, 0 left on base; Lake County 1 - Hickory 5 |
| BOTTOM OF THE 4TH |
|
Hickory Crawdads batting - Pitching for Lake County Captains : RHP Tatsuhito Shiota
|
|
Batting: RHB Theo van Gent
|
0-0: Foul Ball, location: 2F 0-1: Foul Ball, location: 2F 0-2: Ball 1-2: Ground out 5-3 (Groundball, 56, EV 106.3 MPH)
|
|
Batting: LHB Nick Foutz
|
0-0: Ground out 4-3 (Groundball, 34S, EV 88.8 MPH)
|
|
Batting: LHB Ben Radach
|
0-0: Foul Ball, location: 2F 0-1: Swinging Strike 0-2: Strikes out swinging
|
| Bottom of the 4th over - 0 runs, 0 hits, 0 errors, 0 left on base; Lake County 1 - Hickory 5 |
| TOP OF THE 5TH |
|
Lake County Captains batting - Pitching for Hickory Crawdads : RHP Alexander Neustroev
|
|
Batting: LHB Tim Fuller
|
0-0: Foul Ball, location: 2F 0-1: Called Strike 0-2: Ball 1-2: Ball 2-2: Foul Ball, location: 2F 2-2: Ball 3-2: DOUBLE (Flyball, 8RXD, EV 109.4 MPH) - OUT at third base trying to stretch hit.
|
|
Batting: SHB Travis Burnett
|
0-0: Foul Ball, location: 2F 0-1: Called Strike 0-2: Ball 1-2: SINGLE (Line Drive, 56, EV 98.8 MPH)
|
|
Batting: RHB Danny Millsaps
|
0-0: Ball 1-0: Ball 2-0: Called Strike 2-1: DOUBLE (Line Drive, 9LS, EV 92.5 MPH) Travis Burnett to third
|
|
Batting: LHB Danny Moreno
|
0-0: Called Strike 0-1: Foul Ball, location: 2F 0-2: Ball 1-2: Ball 2-2: Ground out 4-3 (Groundball, 4, EV 105.0 MPH) Travis Burnett scores Danny Millsaps to third
|
|
Batting: RHB Toki Takeuchi
|
0-0: Ball 1-0: Foul Ball, location: 2F 1-1: Called Strike 1-2: Strikes out looking
|
| Top of the 5th over - 1 run, 3 hits, 0 errors, 1 left on base; Lake County 2 - Hickory 5 |
| BOTTOM OF THE 5TH |
|
Hickory Crawdads batting - Pitching for Lake County Captains : RHP Tatsuhito Shiota
|
|
Batting: RHB Doug Hammertime
|
0-0: Ball 1-0: Ground out 5-3 (Groundball, 56S, EV 85.6 MPH)
|
|
Batting: LHB Franklin Quezada
|
0-0: Called Strike 0-1: Ball 1-1: Ball 2-1: Ball 3-1: Called Strike 3-2: Foul Ball, location: 2F 3-2: Strikes out swinging
|
|
Batting: RHB Jason Swisher
|
0-0: Called Strike 0-1: Ground out 5-3 (Groundball, 56S, EV 85.6 MPH)
|
| Bottom of the 5th over - 0 runs, 0 hits, 0 errors, 0 left on base; Lake County 2 - Hickory 5 |
| TOP OF THE 6TH |
|
Lake County Captains batting - Pitching for Hickory Crawdads : RHP Alexander Neustroev
|
|
Batting: LHB Yasuo Igarashi
|
0-0: Called Strike 0-1: Ground out 1-3 (Groundball, 13S, EV 67.5 MPH)
|
|
Batting: LHB Justin Rankin
|
0-0: Fly out, F8 (Flyball, 8RS, EV 83.8 MPH)
|
|
Batting: SHB Charlie Diesel
|
0-0: Foul Ball, location: 2F 0-1: Ball 1-1: Ball 2-1: Swinging Strike 2-2: Ball 3-2: Ground out 6-3 (Groundball, 6, EV 90.6 MPH)
|
| Top of the 6th over - 0 runs, 0 hits, 0 errors, 0 left on base; Lake County 2 - Hickory 5 |
| BOTTOM OF THE 6TH |
|
Hickory Crawdads batting - Pitching for Lake County Captains : RHP Tatsuhito Shiota
|
|
Batting: LHB Casper Kersten
|
0-0: SINGLE (Line Drive, 34D, EV 94.4 MPH)
|
|
Batting: RHB Chris Powell
|
0-0: Called Strike 0-1: Grounds into double play, 5-4-3 (Groundball, 56, EV 103.1 MPH)
|
|
Batting: RHB Jose Guerrero
|
0-0: Ball 1-0: Ball 2-0: Called Strike 2-1: Foul Ball, location: 2F 2-2: Ground out 4-3 (Groundball, 4M, EV 98.8 MPH)
|
| Bottom of the 6th over - 0 runs, 1 hit, 0 errors, 0 left on base; Lake County 2 - Hickory 5 |
| TOP OF THE 7TH |
|
Lake County Captains batting - Pitching for Hickory Crawdads : RHP Alexander Neustroev
|
|
Pitching: RHP Orlando Mendoza
|
|
|
Batting: RHB Adrian Martinelli
|
0-0: Ball 1-0: Ground out 1-3 (Groundball, 13S, EV 73.1 MPH)
|
|
Batting: LHB Tim Fuller
|
0-0: Called Strike 0-1: Ball 1-1: Foul Ball, location: 2F 1-2: Ball 2-2: Ball 3-2: Fly out, F9 (Flyball, 89D, EV 108.1 MPH)
|
|
Batting: SHB Travis Burnett
|
0-0: SINGLE (Groundball, 3D, EV 98.1 MPH)
|
|
Batting: RHB Danny Millsaps
|
0-0: Called Strike 0-1: Called Strike 0-2: Strikes out swinging
|
| Top of the 7th over - 0 runs, 1 hit, 0 errors, 1 left on base; Lake County 2 - Hickory 5 |
| BOTTOM OF THE 7TH |
|
Hickory Crawdads batting - Pitching for Lake County Captains : RHP Tatsuhito Shiota
|
|
Pitching: RHP Malachi Shelton
|
|
|
Batting: RHB Theo van Gent
|
0-0: Ball 1-0: Ball 2-0: Foul Ball, location: 2F 2-1: Ball 3-1: Base on Balls
|
|
Batting: LHB Nick Foutz
|
0-0: Ball Theo van Gent steals 2nd base 1-0: Fly out, F7 (Flyball, 7LM, EV 86.3 MPH)
|
|
Batting: LHB Ben Radach
|
0-0: Called Strike Theo van Gent steals 3rd base (no throw) 0-1: Ball 1-1: Ground out 5-3 (Groundball, 56S, EV 85.6 MPH) Theo van Gent scores
|
|
Batting: RHB Doug Hammertime
|
0-0: Foul Ball, location: 2F 0-1: Fly out, F7 (Flyball, 7D, EV 80.6 MPH)
|
| Bottom of the 7th over - 1 run, 0 hits, 0 errors, 0 left on base; Lake County 2 - Hickory 6 |
| TOP OF THE 8TH |
|
Lake County Captains batting - Pitching for Hickory Crawdads : RHP Orlando Mendoza
|
|
Now at 2B: Luke Stark
|
|
|
Batting: LHB Danny Moreno
|
0-0: Ball 1-0: Foul Ball, location: 2F 1-1: Ball 2-1: Ball 3-1: Foul Ball, location: 2F 3-2: Strikes out swinging
|
|
Batting: RHB Toki Takeuchi
|
0-0: Called Strike 0-1: Swinging Strike 0-2: Ball 1-2: Ball 2-2: Strikes out swinging
|
|
Batting: LHB Yasuo Igarashi
|
0-0: Ball 1-0: Ground out 4-3 (Groundball, 4S, EV 70.0 MPH)
|
| Top of the 8th over - 0 runs, 0 hits, 0 errors, 0 left on base; Lake County 2 - Hickory 6 |
| BOTTOM OF THE 8TH |
|
Hickory Crawdads batting - Pitching for Lake County Captains : RHP Malachi Shelton
|
|
Batting: LHB Franklin Quezada
|
0-0: Ball 1-0: SINGLE (Flyball, 6MD, EV 91.3 MPH)
|
|
Batting: RHB Jason Swisher
|
0-0: Called Strike 0-1: Ball Franklin Quezada steals 2nd base (no throw) 1-1: Ball 2-1: Foul Ball, location: 2F 2-2: Ground out 5-3 (Groundball, 56S, EV 88.1 MPH)
|
|
Batting: LHB Casper Kersten
|
0-0: Ball 1-0: Foul Ball, location: 2F 1-1: SINGLE (Line Drive, 5D, EV 104.4 MPH) Franklin Quezada to third Runner from 3rd tries for Home, SAFE, throw by LF to home
|
|
Batting: RHB Chris Powell
|
0-0: Called Strike Casper Kersten steals 2nd base 0-1: 2-RUN HOME RUN (Flyball, 9D, EV 96.9 MPH), Distance : 380 ft
|
|
Pitching: RHP En-guo Tsu
|
|
|
Batting: RHB Jose Guerrero
|
0-0: Swinging Strike 0-1: Ground out 5-3 (Groundball, 56, EV 89.4 MPH)
|
|
Batting: RHB Theo van Gent
|
0-0: Ball 1-0: Ball 2-0: Swinging Strike 2-1: Ball 3-1: Foul Ball, location: 2F 3-2: Foul Ball, location: 2F 3-2: Base on Balls
|
|
Batting: LHB Nick Foutz
|
0-0: Called Strike 0-1: Ball 1-1: Ball Theo van Gent steals 2nd base 2-1: Ground out 4-3 (Groundball, 4, EV 91.9 MPH)
|
| Bottom of the 8th over - 3 runs, 3 hits, 0 errors, 1 left on base; Lake County 2 - Hickory 9 |
| TOP OF THE 9TH |
|
Lake County Captains batting - Pitching for Hickory Crawdads : RHP Orlando Mendoza
|
|
Batting: LHB Justin Rankin
|
0-0: Ball 1-0: Called Strike 1-1: Called Strike 1-2: Strikes out swinging
|
|
Batting: SHB Charlie Diesel
|
0-0: Ball 1-0: Foul Ball, location: 2F 1-1: Foul Ball, location: 2F 1-2: Ball 2-2: Strikes out swinging, 2-3 out at first.
|
|
Batting: RHB Adrian Martinelli
|
0-0: Called Strike 0-1: Ball 1-1: Foul Ball, location: 2F 1-2: Foul Ball, location: 2F 1-2: Foul Ball, location: 2F 1-2: Strikes out looking
|
| Top of the 9th over - 0 runs, 0 hits, 0 errors, 0 left on base; Lake County 2 - Hickory 9 |
|